 Dungeon Crawl Stone Soup version 0.30-a0-279-g4b46babb21 (webtiles) character file.

Game seed: 17755643639966007018

357 Harunobu the Stinger (level 6, 0/36 HPs)
             Began as an Octopode Venom Mage on Oct 15, 2022.
             Slain by a killer bee (2 damage)
             ... on level 6 of the Dungeon.
             The game lasted 00:09:52 (4915 turns).

Harunobu the Stinger (Octopode Venom Mage)          Turns: 4915, Time: 00:09:53

Health: 0/36       AC:  5    Str:  9    XL:     6   Next: 64%
Magic:  7/10       EV: 14    Int: 17    God:
Gold:   194        SH:  0    Dex: 13    Spells: 3/11 levels left

rFire   . . .      SeeInvis .    (no weapon)
rCold   . . .      Faith    .    (no shield)
rNeg    . . .      Spirit   .    (helmet restricted)
rPois   .          Reflect  .    (no amulet)
rElec   .          Harm     .    f - +4 ring of protection
rCorr   .          Rampage  .    m - ring of flight
Will    .....                    (no ring)
Stlth   ++++......               (no ring)
HPRegen 0.26/turn                (no ring)
MPRegen 0.12/turn                (no ring)
                                 (no ring)
                                 (no ring)

@: lethally poisoned (0 -> -2), flying
A: almost no armour, amphibious, 8 rings, camouflage 1, gelatinous body 1,
(nimble swimmer 1), tentacles
a: no special abilities


You were on level 6 of the Dungeon.
You visited 1 branch of the dungeon, and saw 6 of its levels.

You collected 194 gold pieces.

Inventory:

Missiles
 r - a throwing net
Jewellery
 f - a +4 ring of protection (left tentacle)
 m - a ring of flight (right tentacle)
 o - a ring of resist corrosion
Scrolls
 b - a scroll of immolation {unknown}
 c - a scroll of butterflies {unknown}
 d - a scroll of teleportation {unknown}
 g - a scroll of enchant armour {unknown}
 h - 6 scrolls of identify {unknown}
 i - a scroll of vulnerability {unknown}
 k - 3 scrolls of poison {unknown}
 p - a scroll of fear {unknown}
 q - a scroll of blinking {unknown}
Potions
 a - a potion of magic
 e - 3 potions of degeneration {unknown}
 j - 2 potions of curing
 l - 2 potions of flight {unknown}
 n - a potion of resistance {unknown}


   Skills:
 + Level 3.5 Dodging
 + Level 4.9 Stealth
 + Level 3.3 Spellcasting
 + Level 2.9 Transmutations
 + Level 5.0 Poison Magic


You had 3 spell levels left.
You knew the following spells:

 Your Spells              Type           Power      Damage    Failure   Level
a - Sting                 Tmut/Pois      64%        1d6       3%          1
b - Olgreb's Toxic Radia  Pois           19%        N/A       22%         4
c - Mephitic Cloud        Conj/Pois/Air  8%         N/A       26%         3

Your spell library contained the following spells:

 Spells                   Type           Power      Damage    Failure   Level
 Poisonous Vapours        Pois/Air       22%        N/A       9%          2
 Passwall                 Tmut/Erth      5%         N/A       14%         2
 Sandblast                Erth           4%         2d4       17%         1
 Stone Arrow              Conj/Erth      4%         3d7       45%         3


Dungeon Overview and Level Annotations

Branches:
Dungeon (6/15)
 Temple: D:4-7

Altars:


Innate Abilities, Weirdness & Mutations

You cannot wear most types of armour.
You are amphibious.
You can wear up to eight rings at the same time.
Your skin changes colour to match your surroundings (Stealth+).
Your rubbery body absorbs attacks. (AC +1, EV +1)
((You are camouflaged when in or above water. (Stealth+)))
You have tentacles for arms and can constrict up to eight enemies at once.


Message History

The sting hits the iguana but does no damage.
The iguana looks as sick as possible!
The iguana is severely wounded.
The iguana bites you.
Found a stone.
Found a stone staircase leading down.
You kill the iguana!
Your Poison Magic skill increases to level 5!
You start resting.
A killer bee comes into view.
Casting: Sting (safe; 3% risk of failure)
Confirm with . or Enter, or press ? or * to list all spells.
You can't see any susceptible monsters within range! (Use Z to cast anyway.) Unknown command.
A killer bee comes into view. x2
The killer bee misses you. The killer bee stings you.
The killer bee attacks as you move away!
The killer bee misses you. The killer bee closely misses you.
The killer bee attacks as you move away!
The killer bee stings you. The killer bee stings you!
You are poisoned.
The killer bee poisons you!
You feel very sick. The killer bee closely misses you.
You feel sick. The killer bee stings you.
* * * LOW HITPOINT WARNING * * *
* * * LOW HITPOINT WARNING * * *
You feel sick.
The killer bee stings you but does no damage.
There is a stone staircase leading down here.
* * * LOW HITPOINT WARNING * * *
You feel sick. The killer bee barely misses you. x2
You fly downwards.
* * * LOW HITPOINT WARNING * * *
You feel sick.
Found a stone staircase leading down and a stone staircase leading up.
There is a stone staircase leading up here.
The killer bee attacks as you move away!
The killer bee stings you.
You die...

#####
##y..##
#8.@.8#
#.....s.#
#......8.>.#
...#.......#
## ##8.<.8##
##...##
#####


You could see a scorpion (asleep) and a killer bee.

Vanquished Creatures
  Sigmund (D:2)
  An iguana (D:5)
  Terence (D:3)
  4 gnolls (D:3)
  4 adders
  A shadow imp (D:5)
  A worm (D:3)
  A dart slug (D:2)
  3 bats
  4 endoplasms
  2 giant cockroaches
  13 hobgoblins
  2 jackals (D:1)
  7 kobolds
  2 quokkas (D:1)
  10 ball pythons
  A frilled lizard (D:1)
  4 goblins
  A rat (D:1)
63 creatures vanquished.

Notes
Turn   | Place    | Note
-------+----------+-------------------------------------------
     0 | D:1      | Harunobu the Octopode Venom Mage began the quest for the
                  | Orb.
     0 | D:1      | Reached XP level 1. HP: 11/11 MP: 3/3
   264 | D:1      | Reached XP level 2. HP: 8/17 MP: 3/5
   858 | D:1      | Reached XP level 3. HP: 21/21 MP: 2/6
  1103 | D:1      | Reached skill level 4 in Poison Magic
  1667 | D:2      | Identified the +0 pair of gloves of Wasted Space {Will+
                  | Str-4 Int+3}
  1746 | D:2      | Noticed Sigmund
  1968 | D:3      | Reached XP level 4. HP: 10/27 MP: 4/7
  2165 | D:2      | Noticed Terence
  2181 | D:3      | Killed Terence
  2331 | D:2      | Reached XP level 5. HP: 27/31 MP: 7/9
  2358 | D:2      | Found a faded altar of an unknown god.
  4207 | D:3      | Learned a level 4 spell: Olgreb's Toxic Radiance
  4211 | D:3      | Learned a level 3 spell: Mephitic Cloud
  4744 | D:2      | Killed Sigmund
  4745 | D:2      | Reached XP level 6. HP: 36/36 MP: 6/10
  4876 | D:4      | You are sucked into a shaft and drop 1 floor!
  4876 | D:5      | Entered Level 5 of the Dungeon
  4897 | D:5      | Reached skill level 5 in Poison Magic
  4915 | D:6      | Slain by a killer bee

Illustrated notes

Levels and vault maps discovered:
D:1:      matt_arrival_los_fun, layout_basic
D:2:      layout_loops_cross, hellmonk_ecumenical_altar_heavens_door,
          uniq_sigmund, uniq_terence
D:3:      layout_loops_corners
D:4:      layout_rooms, gammafunk_ghost_abyssal_escape,
          lightli_ossuary_entry_decrepit_ruins, serial_shops,
          nicolae_shop_statue_plus, uniq_crazy_yiuf_cottage
D:5:      layout_loops_cross, overflow_temple_1_default, serial_shops,
          nicolae_shop_stone, nicolae_shop_fire_sale [nicolae_sub_dead_trees]
D:6:      kennysheep_slugbush, layout_loops_ring, chequers_hall_statues_y,
          grunt_ministairs_7

Skill      XL: |  1  2  3  4  5  6 |
---------------+-------------------+-----
Stealth        | 3 4 |  4.9
Poison Magic   | 4 5 |  5.0
Transmutations | 2 |  2.9
Dodging        | 3 |  3.5
Spellcasting   | 3 |  3.3

Action                   |  1- 3 |  4- 6 || total
-------------------------+-------+-------++-------
Melee: Unarmed           |     1 |       ||     1
 Cast: Sting             |    69 |    60 ||   129
Armor: Skin              |    14 |    19 ||    33
Dodge: Dodged            |    67 |    50 ||   117

Table legend: (Time is in decaauts)
 A = Elapsed time spent in this place.
 B = Non-inter-level travel time spent in this place.
 C = Inter-level travel time spent in this place.
 D = Time resting spent in this place.
 E = Time spent auto-exploring this place.
 F = Levels seen in this place.
 G = Mean time per level.
                   A        B        C        D        E       F      G
               +--------+--------+--------+--------+--------+-----+--------+
         Total |   4915 |   4172 |    743 |   1084 |   2023 |   6 |  819.2 |
       Dungeon |   4915 |   4172 |    743 |   1084 |   2023 |   6 |  819.2 |
               +--------+--------+--------+--------+--------+-----+--------+

Top non-repeatable levels by time:
     D:3: 1977 daAuts
     D:1: 1804 daAuts
     D:2: 1095 daAuts
     D:5: 37 daAuts
     D:6: 0 daAuts
